Map: Triton LE

Players

Atsou

  • Race: Zerg Zerg
  • Spawn Location: 11:00

Blask - Winner!

  • Race: Protoss Protoss
  • Spawn Location: 5:00

Event: NationWars 2019

VOD

Have the link to the VOD?

Description

Time

  • Played on: Sept. 30, 2019, 3:34 p.m.
  • Length: 8:51

All games in this series

Show
View Real Time Build Order
Export as new Build Order

Atsou Zerg 

Build Orders: Hatch First 

Get SALT Encoding   

  12  0:00  Drone  
  13  0:12  Overlord  
  13  0:17  Drone  
  14  0:30  Drone x2  
  14  0:34  Drone  
  17  0:51  Hatchery  
  17  0:54  Drone  
  17  0:57  Drone  
  18  1:08  Extractor  
  17  1:12  Spawning Pool  
  17  1:15  Drone  
  17  1:18  Drone  
  18  1:28  Drone  
  19  1:38  Drone  
  20  1:45  Hatchery  
  19  1:50  Drone  
  20  1:58  Queen  
  22  2:06  Queen  
  24  2:10  Drone  
  24  2:13  Drone  
  26  2:18  Overlord  
  26  2:24  Metabolic Boost  
  26  2:27  Drone  
  27  2:30  Zergling x2  
  28  2:39  Queen  
  28  2:42  Drone x2  
  32  2:47  Overlord  
  32  2:49  Drone  
  33  2:52  Drone  
  34  2:59  Drone  
  34  3:00  Zergling x2  
  34  3:01  Zergling x2  
  34  3:04  Zergling x2  
  38  3:14  Drone x4  
  38  3:17  Drone  
  38  3:18  Drone x2  
  45  3:20  Extractor  
  45  3:24  Overlord  
  43  3:32  Drone x2  
  43  3:34  Drone  
  46  3:44  Drone x2  
  46  3:45  Drone x2  
  46  3:46  Drone  
  51  3:50  Lair  
  51  3:51  Overlord  
  51  3:52  Roach Warren, Drone  
  51  3:54  Drone  
  51  3:56  Drone  
  51  3:59  Overlord  
  52  4:05  Baneling Nest  
  52  4:06  Drone x2  
  52  4:07  Extractor  
  52  4:11  Drone x3  
  52  4:15  Drone  
  52  4:16  Drone  
  56  4:18  Drone x2  
  56  4:19  Drone  
  56  4:21  Overlord  
  59  4:27  Overlord  
  59  4:28  Overlord  
  59  4:31  Roach  
  59  4:32  Roach  
  59  4:34  Roach  
  59  4:37  Overlord  
  65  4:39  Overlord  
  65  4:48  Glial Reconstitution  
  65  4:50  Drone  
  65  4:51  Drone x4  
  65  4:52  Drone  
  71  4:56  Drone x3, Extractor  
  71  4:57  Roach x2  
  77  5:00  Roach  
  77  5:02  Overseer  
  77  5:06  Roach x2  
  85  5:07  Roach  
  85  5:09  Centrifical Hooks  
  85  5:12  Roach  
  87  5:15  Roach  
  87  5:20  Roach x2  
  93  5:22  Overlord x2  
  93  5:24  Roach  
  93  5:25  Roach  
  97  5:43  Overlord x2  
  97  5:44  Roach  
  97  5:48  Overlord x2  
  97  5:49  Zergling x2  
  100  5:50  Zergling x2  
  100  5:53  Drone  
  100  5:54  Zergling x2  
  100  5:56  Roach x4  
  111  6:00  Zergling x6  
  114  6:04  Hatchery  
  114  6:05  Roach  
  114  6:10  Roach x3  
  114  6:11  Zergling x4  
  123  6:18  Roach  
  123  6:19  Roach  
  123  6:21  Zergling x2  
  128  6:27  Evolution Chamber  
  128  6:29  Drone, Roach  
  128  6:32  Baneling x8  
  130  6:33  Baneling x4  
  130  6:34  Zergling x2  
  130  6:37  Roach x3  
  130  6:39  Roach  
  123  6:45  Roach  
  123  6:46  Roach x4  
  130  6:57  Zergling x2, Roach x2  
  130  7:00  Ravager  
  119  7:04  Zergling x2  
  119  7:05  Queen  
  119  7:06  Queen  
  124  7:09  Roach x2  
  124  7:10  Zergling x4, Ravager  
  124  7:11  Zergling x2  
  124  7:15  Overlord x2  
  132  7:20  Baneling x3  
  132  7:21  Zergling x2  
  132  7:22  Ravager  
  134  7:23  Zergling x2  
  134  7:25  Zergling x2  
  134  7:26  Zergling x2  
  134  7:27  Zergling x2  
  138  7:31  Zergling x2  
  129  7:41  Zergling x4  
  129  7:43  Zergling x4  
  129  7:44  Zergling x2  
  118  7:45  Baneling  
  118  7:47  Zergling x2  
  118  7:49  Zergling x2  
  118  7:50  Zergling x6  
  120  7:51  Zergling x2  
  120  7:53  Queen  
  120  7:54  Zergling x2, Queen  
  120  7:55  Zergling x4  
  120  7:56  Queen  
  127  8:04  Zergling x2  
  116  8:09  Zergling x8  
  116  8:10  Zergling x2  
  116  8:11  Zergling x2  
  116  8:12  Roach  
  103  8:13  Roach x3  
  103  8:14  Roach  
Show
View Real Time Build Order
Export as new Build Order

Blask Protoss - Winner!

Build Orders: 1 Gate Expand, Colossus Rush 

Get SALT Encoding   

  12  0:00  Probe  
  13  0:12  Probe  
  14  0:20  Pylon  
  14  0:25  Probe (Chrono Boost)  
  15  0:39  Probe (Chrono Boost), Gateway  
  16  0:46  Probe (Chrono Boost)  
  16  0:48  Assimilator  
  17  0:53  Probe  
  18  1:05  Probe  
  19  1:17  Probe  
  20  1:24  Nexus  
  20  1:33  Cybernetics Core  
  20  1:35  Probe  
  21  1:41  Assimilator  
  21  1:47  Probe  
  21  1:50  Pylon  
  22  2:00  Probe (Chrono Boost)  
  23  2:07  Stalker (Chrono Boost)  
  23  2:12  Probe (Chrono Boost)  
  26  2:17  Robotics Facility  
  26  2:20  Probe (Chrono Boost)  
  27  2:29  Adept, Probe (Chrono Boost)  
  30  2:32  Warp Gate  
  30  2:36  Probe (Chrono Boost)  
  32  2:45  Probe x2 (Chrono Boost)  
  33  2:51  Probe  
  33  2:52  Probe  
  35  2:59  Adept  
  35  3:03  Probe  
  38  3:06  Probe, Robotics Bay  
  39  3:14  Pylon  
  39  3:16  Probe  
  40  3:21  Probe  
  40  3:22  Gateway  
  41  3:28  Probe  
  41  3:29  Warp Prism (Chrono Boost)  
  44  3:35  Probe  
  45  3:46  Probe, Gravitic Drive  
  46  3:48  Assimilator  
  46  3:50  Assimilator  
  46  4:01  Disruptor (Chrono Boost)  
  49  4:03  Probe x2  
  49  4:07  Pylon  
  51  4:16  Probe  
  50  4:20  Probe  
  51  4:25  Pylon  
  51  4:28  Probe  
  51  4:29  Gateway  
  51  4:30  Disruptor (Chrono Boost), Gateway  
  52  4:32  Probe  
  52  4:33  Pylon  
  52  4:36  Adept x2  
  60  4:44  Probe  
  60  4:45  Extended Thermal Lance  
  61  4:54  Probe  
  61  4:56  Pylon  
  61  4:58  Gateway  
  62  5:01  Gateway  
  62  5:02  Colossus (Chrono Boost)  
  68  5:12  Pylon  
  68  5:17  Sentry x2  
  72  5:21  Pylon  
  72  5:30  Gateway  
  72  5:32  Gateway  
  72  5:47  Colossus (Chrono Boost)  
  72  5:49  Adept x4  
  86  6:12  Stalker x6  
  98  6:24  Pylon  
  98  6:27  Pylon  
  98  6:29  Pylon  
  98  6:46  Stalker x2  
  98  6:47  Stalker x4  
  110  7:09  Pylon  
  110  7:13  Pylon  
  110  7:22  Stalker x2  
  110  7:23  Stalker x2, Sentry x2, Zealot x2  
  116  7:46  Adept x3  
  116  7:47  Adept x4  
  122  7:51  Stalker  
  110  8:14  Adept  
  110  8:15  Adept x3  
  110  8:18  Adept x4  
Tags
 
Add a new tag
Caveats
  • Supply blocks, unpowered buildings, or Contaminate may cause inaccurate times.
  • Supply counts are checked every 10 seconds.